 Dungeon Crawl Stone Soup version 0.31-a0-358-gac0dbeb3ab (webtiles) character file.

Game seed: 6889635043686520747

1468 Maedhros the Cudgeller (level 8, -1/58 (64) HPs)
             Began as an Octopode Artificer on July 25, 2023.
             Was an Elder of Jiyva.
             Slain by a wight
             ... wielding a +5 spear of freezing
              (4 damage)
             ... on level 6 of the Dungeon.
             The game lasted 00:08:33 (4311 turns).

Maedhros the Cudgeller (Octopode Artificer)         Turns: 4311, Time: 00:08:34

HP:   -1/58 (64)    AC:  9    Str: 10    XL:     8   Next: 77%
MP:   9/9           EV: 14    Int: 21    God:    Jiyva [****..]
Gold: 192           SH:  0    Dex: 12    Spells: 8/8 levels left

rFire   . . .        a - +2 flail (protect)
rCold   . . .        (no shield)
rNeg    . . .        v - +1 hat
rPois   .            j - amulet of magic regeneration
rElec   .            (no ring)
rCorr   +            (no ring)
SInv    .            (no ring)
Will    .....        (no ring)
Stlth   +++          (no ring)
HPRegen 1.57/turn    (no ring)
MPRegen 0.91/turn    (no ring)
                     (no ring)

%: no passive effects
@: under a protective aura, drained
A: almost no armour, amphibious, 8 rings, camouflage 1, gelatinous body 1,
(nimble swimmer 1), tentacles, clever 2, robust 2
a: Renounce Religion, Oozemancy, Slimify


You were on level 6 of the Dungeon.
You worshipped Jiyva.
Jiyva was greatly pleased with you.
You visited 1 branch of the dungeon, and saw 6 of its levels.
You also visited: Sewer.

You collected 192 gold pieces.

Inventory:

Hand Weapons
 a - a +2 flail of protection (weapon)
Missiles
 r - 2 throwing nets
Armour
 v - a +1 hat (worn)
Jewellery
 h - a ring of ice
 j - an amulet of magic regeneration (around mantle)
 w - an amulet of the acrobat
Wands
 b - a wand of flame (5)
 c - a wand of charming (12)
 d - a wand of iceblast (3) (quivered)
 g - a wand of mindburst (11)
 u - a wand of quicksilver (12)
Scrolls
 e - 3 scrolls of teleportation {unknown}
 f - 7 scrolls of identify {unknown}
 k - 2 scrolls of silence {unknown}
 q - 2 scrolls of vulnerability {unknown}
 s - a scroll of acquirement {unknown}
 t - a scroll of immolation {unknown}
 x - a scroll of blinking {unknown}
Potions
 i - 3 potions of curing
 l - 2 potions of heal wounds {unknown}
 m - 2 potions of might {unknown}
 n - 4 potions of invisibility {unknown}
 o - 3 potions of haste {unknown}
 p - 3 potions of mutation {unknown}


   Skills:
 + Level 4.8 Fighting
 - Level 6.4 Maces & Flails
 + Level 5.3 Dodging
 - Level 1.3 Stealth
 * Level 4.0 Unarmed Combat
 + Level 0.8 Spellcasting
 + Level 3.5 Evocations


You had 8 spell levels left.
You didn't know any spells.
Your spell library contained the following spells:

 Spells                   Type           Power      Damage    Failure   Level
 Portal Projectile        Hex/Tloc       0%         N/A       45%         3
 Tukima's Dance           Hex            0%         N/A       45%         3
 Vhi's Electric Charge    Tloc/Air       0%         N/A       45%         3
 Iskenderun's Mystic Bla  Conj/Tloc      0%         2d3       86%         4
 Arcjolt                  Conj/Air       0%         1d10      99%         5
 Maxwell's Capacitive Co  Air            0%         ∞         100%        8


Dungeon Overview and Level Annotations

Branches:
Dungeon (6/15)              Sewer (visited)
 Temple: D:4-7

Altars:
Dithmenos
Fedhas
Qazlal
Sif Muna
Vehumet
Xom


Innate Abilities, Weirdness & Mutations

You cannot wear most types of armour.
You are amphibious.
You can wear up to eight rings at the same time.
Your skin changes colour to match your surroundings (Stealth+).
Your rubbery body absorbs attacks. (AC +1, EV +1)
((You are camouflaged when in or above water. (Stealth+)))
You have tentacles for arms and can constrict up to eight enemies at once.
Your mind is very acute. (Int +8, Str/Dex -2)
You are very robust. (+20% HP)


Message History

The wight struggles to escape constriction.
You hit the wight but do no damage.
The wight is lightly damaged.
You constrict the wight. The wight misses you.
The wight escapes!
You barely miss the wight. You grab the wight.
The wight is lightly damaged.
You constrict the wight. The wight barely misses you.
The wight hits you with a +0 flail!
You feel drained.
You hit the wight.
The wight is moderately damaged.
You constrict the wight, but do no damage.
The wight misses you. The wight hits you with a +0 flail.
You feel drained.
You hit the wight.
You squeeze the wight, but do no damage.
The wight is heavily damaged.
You constrict the wight, but do no damage.
The wight barely misses you. The wight hits you with a +0 flail.
You feel drained.
You sock the wight!
You destroy the wight!
The wight hits you from afar with a +5 spear of freezing!
You feel drained. The wight freezes you.
Your Unarmed Combat skill increases to level 4!
The wight hits you with a +5 spear of freezing!
The wight freezes you.
Things that are here:
a +4 dagger; a +0 robe You are too injured to fight recklessly!
You are too injured to fight recklessly!
You are too injured to fight recklessly!
You hit the wight. You grab the wight.
The wight is lightly damaged.
You constrict the wight, but do no damage.
The wight hits you with a +5 spear of freezing!
You feel drained. The wight freezes you.
* * * LOW HITPOINT WARNING * * *
The wight hits you with a +5 spear of freezing!
* * * LOW HITPOINT WARNING * * *
The wight freezes you.
You die...

##### #
#...########.#
#...##..)....# .#
#...##.#@..### #
#...##.#.z.# ##.#
#...##.#......
...#
#...##.#........
####
##...##.#........
#
#.......###......
# #....####
......
########....####
......
........†.......


You could see a wight.

Vanquished Creatures
  A wyvern (D:6)
  3 ice beasts
  2 ogres
  2 centaurs
  2 phantoms (D:5)
  2 wights (D:6)
  A hound (D:6)
  3 jellies (Sewer)
  2 orc priests
  2 iguanas (D:5)
  Ijyb (D:5)
  4 orc wizards
  4 adders
  2 river rats (Sewer)
  An ufetubus (D:6)
  3 worms
  2 dart slugs
  17 orcs
  10 ball pythons
  9 endoplasms
  6 giant cockroaches
  10 goblins
  4 hobgoblins
  8 jackals
  4 quokkas
  2 bats
  2 frilled lizards (Sewer)
  6 kobolds
  11 rats
126 creatures vanquished.

Vanquished Creatures (collateral kills)
  A jackal (D:2)
1 creature vanquished.

Vanquished Creatures (others)
  A water moccasin (D:6)
  4 jellies
  2 orc priests
  A hound (D:5)
  An iguana (D:5)
  2 orc wizards (D:5)
  2 adders
  A dart slug (D:3)
  3 orcs
  2 ball pythons
19 creatures vanquished.

Grand Total: 146 creatures vanquished

Notes
Turn   | Place    | Note
-------+----------+-------------------------------------------
     0 | D:1      | Maedhros the Octopode Artificer began the quest for the
                  | Orb.
     0 | D:1      | Reached XP level 1. HP: 13/13 MP: 1/1
    65 | D:1      | Reached skill level 1 in Unarmed Combat
   139 | D:1      | Reached XP level 2. HP: 16/18 MP: 2/2
   602 | D:2      | Reached XP level 3. HP: 19/23 MP: 3/3
   643 | D:2      | HP: 1/23 [orc priest/nerve-wracking pain (8)]
   645 | D:2      | Reached XP level 4. HP: 1/28 MP: 4/4
   904 | D:2      | Reached skill level 1 in Maces & Flails
  1140 | D:3      | Reached XP level 5. HP: 33/33 MP: 5/5
  1192 | D:3      | Found a glowing drain.
  1224 | Sewer    | Entered a sewer
  1259 | Sewer    | Reached skill level 2 in Maces & Flails
  1436 | Sewer    | Found a viscous altar of Jiyva.
  1446 | Sewer    | Reached XP level 6. HP: 33/39 MP: 6/6
  1508 | Sewer    | Reached skill level 3 in Maces & Flails
  1529 | Sewer    | Became a worshipper of Jiyva Jegy the Shapeless
  2224 | D:2      | Reached * piety under Jiyva
  2772 | D:4      | Found a shimmering blue altar of Sif Muna.
  2800 | D:4      | Found a stormy altar of Qazlal.
  2824 | D:4      | Reached XP level 7. HP: 22/45 MP: 7/7
  2878 | D:4      | Found a shimmering altar of Xom.
  2879 | D:4      | Reached ** piety under Jiyva
  2939 | D:4      | Found a blossoming altar of Fedhas.
  3069 | D:4      | Found a shadowy altar of Dithmenos.
  3309 | D:4      | Reached skill level 4 in Maces & Flails
  3398 | D:5      | Entered Level 5 of the Dungeon
  3460 | D:5      | Reached skill level 5 in Maces & Flails
  3488 | D:5      | Found a radiant altar of Vehumet.
  3569 | D:5      | Reached *** piety under Jiyva
  3585 | D:5      | Noticed Ijyb
  3594 | D:5      | Gained mutation: Your mind is acute. (Int +4, Str/Dex -1)
                  | [Jiyva's grace]
  3594 | D:5      | Gained mutation: Your mind is very acute. (Int +8, Str/Dex
                  | -2) [Jiyva's grace]
  3594 | D:5      | Gained mutation: You are robust. (+10% HP) [Jiyva's grace]
  3594 | D:5      | Gained mutation: You are very robust. (+20% HP) [Jiyva's
                  | grace]
  3600 | D:5      | Reached XP level 8. HP: 39/64 MP: 8/8
  3604 | D:5      | Killed Ijyb
  4104 | D:6      | Reached skill level 6 in Maces & Flails
  4111 | D:6      | Reached skill level 5 in Dodging
  4161 | D:6      | Reached **** piety under Jiyva
  4276 | D:6      | Noticed a wyvern
  4282 | D:6      | Killed a wyvern
  4311 | D:6      | Slain by a wight

Illustrated notes

Levels and vault maps discovered:
D:1:      onia_arrival_handbag, layout_basic
D:2:      layout_basic, minmay_hexomino_u4
D:3:      layout_basic, gup_sewer_entry_bowl
D:4:      layout_basic, mainiacjoe_overflow_small_starburst,
          mainiacjoe_overflow_surrounded_room, mainiacjoe_overflow_alcove_4,
          lemuel_crystal_altar, mainiacjoe_overflow_brackets,
          chequers_decorated_corner
D:5:      layout_loops_ring, mainiacjoe_overflow_catwalk,
          kennysheep_decorative_pillar, uniq_ijyb
D:6:      layout_basic, nemelex_xobeh_ov_fountains_minmay, st_stairs_5

Skill      XL: |  1  2  3  4  5  6  7  8 |
---------------+-------------------------+-----
Unarmed Combat | 1 2 3 4 |  4.0
Maces & Flails | 1 2 3 5 6 |  6.4
Fighting       | 2 3 4 |  4.8
Dodging        | 3 4 5 |  5.3
Stealth        | |  1.3
Spellcasting   | |  0.8
Evocations     | |  3.5

Action                     |  1- 3 |  4- 6 |  7- 9 || total
---------------------------+-------+-------+-------++-------
  Melee: Unarmed           |    57 |       |       ||    57
         Tentacles         |    12 |    29 |    25 ||    66
         Constrict         |    16 |    29 |    17 ||    62
         Flail             |       |   133 |    95 ||   228
         Punch             |       |     3 |     5 ||     8
  Evoke: Wand              |     6 |     1 |    10 ||    17
    Use: Potion            |     2 |       |     1 ||     3
   Stab: Sleeping          |     6 |    10 |     4 ||    20
 Armour: Skin              |     5 |    43 |    29 ||    77
  Dodge: Dodged            |    44 |   126 |    78 ||   248

Table legend: (Time is in decaauts)
 A = Elapsed time spent in this place.
 B = Non-inter-level travel time spent in this place.
 C = Inter-level travel time spent in this place.
 D = Time resting spent in this place.
 E = Time spent auto-exploring this place.
 F = Levels seen in this place.
 G = Mean time per level.
                   A        B        C        D        E       F      G
               +--------+--------+--------+--------+--------+-----+--------+
         Total |   4361 |   4157 |    204 |      0 |   3146 |   7 |  623.0 |
       Dungeon |   3967 |   3763 |    204 |      0 |   2918 |   6 |  661.2 |
         Sewer |    393 |    393 |      0 |      0 |    228 |   1 |  393.0 |
               +--------+--------+--------+--------+--------+-----+--------+

Top non-repeatable levels by time:
     D:2: 995 daAuts
     D:1: 707 daAuts
     D:5: 704 daAuts
     D:4: 679 daAuts
     D:3: 661 daAuts
   Sewer: 393 daAuts
     D:6: 217 daAuts
